 Dungeon Crawl Stone Soup version 0.22-a0-533-g4d20840 (webtiles) character file.

1 Amnesiac the Ducker (level 1, -2/11 HPs)
             Began as a Spriggan Abyssal Knight on June 23, 2018.
             Was a Follower of Lugonu.
             Slain by a goblin
             ... wielding a +0 club
              (6 damage)
             ... on level 2 of the Dungeon.
             The game lasted 00:00:51 (160 turns).

Amnesiac the Ducker (Spriggan Abyssal Knight)        Turns: 160, Time: 00:00:52

Health: -2/11      AC:  6    Str:  8    XL:     1   Next: 16%
Magic:  3/3        EV: 18    Int: 13    God:    Lugonu [*.....]
Gold:   31         SH:  0    Dex: 15    Spells: 0/0 levels left

rFire    . . .     SeeInvis +   a - +1 short sword
rCold    . . .     Gourm    .   (shield restricted)
rNeg     . . .     Faith    .   b - +0 robe
rPois    .         Spirit   .   (helmet restricted)
rElec    .         Reflect  .   (no cloak)
rCorr    .         Harm     .   (gloves unavailable)
MR       .....                  (boots unavailable)
Stlth    ++........             (no amulet)
HPRegen  0.03/turn              d - +4 ring of protection
MPRegen  0.08/turn              (no ring)

@: lethally poisoned (-2 -> -9), very quick
A: very small, unfitting armour, see invisible, herbivore, speed 3, slow
metabolism 2
a: Depart the Abyss, Renounce Religion


You were on level 2 of the Dungeon.
You worshipped Lugonu.
Lugonu was aware of your devotion.
You were not hungry.

You visited 1 branch of the dungeon, and saw 2 of its levels.
You visited the Abyss 1 time.

You collected 31 gold pieces.

Inventory:

Hand Weapons
 a - a +1 short sword (weapon)
Armour
 b - a +0 robe (worn)
Jewellery
 d - a +4 ring of protection (left hand)
Comestibles
 c - 2 rations


   Skills:
 - Level 2.4 Fighting
 - Level 2.1 Short Blades
 - Level 3.5 Dodging
 + Level 0.9 Stealth
 - Level 1.7 Invocations


You couldn't memorise any spells.
You didn't know any spells.
Your spell library was empty.

Dungeon Overview and Level Annotations

Branches:
Dungeon (2/15)

Altars:

Annotations:
D:2 Robin


Innate Abilities, Weirdness & Mutations

You are very small and have problems with some larger weapons.
You are too small for most types of armour.
You have supernaturally acute eyesight. (SInv)
You are a herbivore.
You cover ground extremely quickly.
You need to consume almost no food.


Message History

You hit the frilled lizard but do no damage.
The frilled lizard bites you but does no damage.
A goblin comes into view. It is wielding a club.
The goblin shouts!
You see here 10 gold pieces.
You now have 10 gold pieces.
Found 13 stones.
Found 3 gold pieces.
You see here 13 stones.
You see here 3 gold pieces.
You now have 13 gold pieces (gained 3).
Found 8 gold pieces.
Found a stone staircase leading down.
Found 10 gold pieces and a ration.
You now have 21 gold pieces (gained 8).
There are no items here.
Found 5 gold pieces.
Found a ration.
Found a ration and 4 gold pieces.
You see here a ration.
c - 2 rations (gained 1)
The frilled lizard unfolds its giant frill.
You see here 10 gold pieces.
You now have 31 gold pieces (gained 10).
A goblin comes into view.
There is a stone staircase leading down here.
You climb downwards.
A rat, 12 goblins, 2 snakes and Robin come into view.
A goblin is wielding a dagger of electrocution.
Robin shouts!
The goblin shouts!
The ball python hisses angrily.
The goblin shouts! x2; The hobgoblin shouts!
The goblin shouts!
The hobgoblin shouts! x3; The goblin shouts!
The adder hisses angrily.
Found a ration, a runed hunting sling and a scroll labeled KAAQUKYSOWK.
Found a stone staircase leading up.
There is a stone staircase leading up here.
Found a scroll labeled PUECOON ISTRUSU.
The hobgoblin barely misses you. The adder closely misses you.
Found a viscous orange potion.
Robin roars a battlecry!
The goblins go into a battle-frenzy!
Robin throws the goblin at you!
You hit the goblin.
You kill the goblin!
Lugonu accepts your kill. Robin throws the goblin at you!
The adder closely misses you. The goblin closely misses you.
You barely miss the goblin. The adder bites you.
You are lethally poisoned!
The adder poisons you! The goblin hits you but does no damage.
You aren't carrying any potions.
Unknown command.
Okay, then.
You aren't carrying any potions.
You aren't carrying any scrolls.
You hit the goblin but do no damage.
* * * LOW HITPOINT WARNING * * *
You feel sick. The adder bites you.
* * * LOW HITPOINT WARNING * * *
The goblin closely misses you.
Unknown command.
You closely miss the goblin. The adder closely misses you.
Robin throws the goblin at you! The goblin hits you with a club.
Ouch! That really hurt!
You die...

##........##
#..........#
#..........#
#.....<....#
#..g.....%.#
#..........#
####gg......##
####gSgg...)...#
#..g@#..........#
#...####..........#
#..# #..<.......#
.. #.....?....#
#..........#
##.....!..#
#.......#


You could see Robin, an adder, 3 hobgoblins and 2 goblins.

Vanquished Creatures
  A goblin (D:2)
1 creature vanquished.

Notes
Turn   | Place    | Note
-------+----------+-------------------------------------------
     0 | Abyss:1  | Amnesiac the Spriggan Abyssal Knight began the quest for the Orb.
     0 | Abyss:1  | Reached XP level 1. HP: 11/11 MP: 3/3
     7 | Abyss:1  | Found a snail-covered altar of Cheibriados.
    30 | Abyss:1  | Noticed a basilisk
    56 | Abyss:1  | Noticed a profane servitor
    64 | D:1      | Escaped the Abyss
   149 | D:2      | Noticed Robin
   160 | D:2      | Slain by a goblin

Vault maps used:
D:1:      shiori_arrival_elements
D:2:      first_ration, uniq_robin
Abyss:1:  evilmike_abyss_exit_plants

Action                   || total
-------------------------++-------
Melee: Short sword       ||     6
Armor: Robe              ||     2
Dodge: Dodged            ||     7

Table legend:
 A = Spawn XP
 B = Non-spawn XP
 C = Spawn XP percentage of total XP
 D = Spawn monster count
 E = Non-spawn monster count
 F = Spawn count percentage of total count
 G = Total turns spent on level
                    A         B        C        D         E        F      G
               +---------+---------+-------+---------+---------+-------+---------
         Total |       0 |       2 |   0.0 |       0 |       1 |   0.0 |   160
               +---------+---------+-------+---------+---------+-------+---------
           D:2 |       0 |       2 |   0.0 |       0 |       1 |   0.0 |    11
               +---------+---------+-------+---------+---------+-------+---------
